 Dungeon Crawl Stone Soup version 0.29.0-4-gdea44cf6ec (webtiles) character file.

Game seed: 7331555331232406023

234 qw the Chopper (level 6, -3/49 (52) HPs)
             Began as a Barachi Chaos Knight on Sept 4, 2022.
             Slain by a red devil
             ... wielding a +0 trident
             ... summoned by Xom
              (9 damage)
             ... on level 3 of the Dungeon.
             The game lasted 00:01:41 (3986 turns).

qw the Chopper (Barachi Chaos Knight)               Turns: 3986, Time: 00:01:42

HP:   -3/49 (52)    AC: 14    Str: 21    XL:     6   Next: 5%
MP:   6/6           EV:  6    Int: 12    God:
Gold: 100           SH:  0    Dex: 12    Spells: 5/5 levels left

rFire   . . .      SeeInvis .   Y - +1 hand axe (freeze)
rCold   . . .      Faith    .   (no shield)
rNeg    . . .      Spirit   .   r - +0 plate armour
rPois   .          Reflect  .   j - +2 helmet
rElec   .          Harm     .   (no cloak)
rCorr   +          Rampage  .   (no gloves)
Will    .....                   (no boots)
Stlth   ..........              i - amulet of the acrobat
HPRegen 0.16/turn               e - +6 ring of strength
MPRegen 0.10/turn               f - ring of resist corrosion

@: spiked, drained, slow
A: amphibious, slowness 1, strong legs 1, +LOS, mutation resistance 1, robust 1
a: Hop


You were on level 3 of the Dungeon.
You visited 1 branch of the dungeon, and saw 4 of its levels.

You collected 217 gold pieces.
You spent 117 gold pieces at shops.


Innate Abilities, Weirdness & Mutations

You are amphibious.
You cover ground slowly.
You can hop short distances.
You have an extended range of vision and can be seen from far away.
You are somewhat resistant to further mutation.
You are robust. (+10% HP)


   Skills:
 - Level 4.1 Fighting
 + Level 6.6 Axes
 - Level 3.2 Armour
 - Level 1.1 Dodging


You had 5 spell levels left.
You didn't know any spells.
Your spell library was empty.

Inventory:

Hand Weapons
 d - a +1 hand axe of flaming
 Y - a +1 hand axe of freezing (weapon)
Armour
 j - a +2 helmet (worn)
 r - a +0 plate armour (worn)
Jewellery
 e - a +6 ring of strength (left hand)
 f - a ring of resist corrosion (right hand)
 i - an amulet of the acrobat (around neck)
Scrolls
 a - 2 scrolls of identify
Potions
 b - a potion of attraction {unknown}
 g - a potion of mutation
 h - a potion of cancellation
 l - 2 potions of curing
 m - a potion of resistance
Miscellaneous
 c - a piece from Xom's chessboard (15/15)

Dungeon Overview and Level Annotations

Branches:
Dungeon (4/15)
 Temple: D:4-7

Altars:
Vehumet
Xom

Shops:
D:3 *

Annotations:
D:3 1 runed translucent door, qw's ghost, amateur MiFi
D:4 3 runed translucent doors, qw's ghost, amateur MiFi


Message History

You hit the rust devil.
The rust devil is moderately wounded.
You hit the hellwing but do no damage. You barely miss the iron imp.
You hit the iron imp but do no damage. You hit the ufetubus. x2
You hit the white imp. You miss the quasit.
The ufetubus hits you but does no damage.
The ufetubus barely misses you.
The ufetubus hits you but does no damage. x2
The iron imp hits you but does no damage.
The iron imp barely misses you.
The quasit bites you but does no damage.
The quasit claws you but does no damage. x2
The ufetubus hits you but does no damage.
The ufetubus barely misses you. The hellwing hits you! The hellwing hits you.
The crimson imp blinks!
The red devil hits you from afar with a +0 trident.
Barbed spikes become lodged in your body.
The rust devil hits you!
You closely miss the rust devil.
The rust devil is moderately wounded.
You hit the iron imp but do no damage. You miss the quasit.
You hit the hellwing but do no damage. You hit the iron imp.
You hit the iron imp but do no damage. You barely miss the ufetubus.
You hit the white imp.
The quasit bites you but does no damage.
The quasit claws you but does no damage. x2
The ufetubus hits you but does no damage. x2
The iron imp hits you but does no damage.
The iron imp barely misses you.
You hit the rust devil but do no damage.
The rust devil is moderately wounded.
You hit the iron imp but do no damage. You miss the quasit.
You hit the hellwing but do no damage. You hit the iron imp but do no damage.
You hit the iron imp. You hit the ufetubus but do no damage.
You hit the white imp. The quasit barely misses you.
The quasit claws you but does no damage. x2
The rust devil hits you!
The red devil hits you from afar with a +0 trident!
You die...

#.##.##.# #.# ##..(<.# #.......#
#.# ##...## ####.#### ##+##
#.....# #.# ##...## #.....# #.#
##.....## ##.....# ##.##
##.......## ##......#
#####...####....55...####.......#
...........'..ยค555...'.......####
####.....###...5@45..####...##
#.......###.5545..## ###..#####
##.....## ##.45..## #........#
##...## ##...## #.##.###.# ##.##
##+## #.##.# #.# #.# #.#
#.##.###.# #.# #.# #........#
#.##### ##.## ####.#####
#.....####...#### #.#


You could see a hellwing (summoned), a rust devil (summoned), a red devil
(summoned), 3 iron imps, a quasit (summoned), a crimson imp (summoned), 3 white
imps and 3 ufetubi.

Vanquished Creatures
  An ogre (D:4)
  A hound (D:4)
  An iguana (D:4)
  An adder (D:2)
  4 dart slugs
  2 orcs
  7 ball pythons
  6 bats
  6 endoplasms
  5 giant cockroaches
  9 goblins
  4 hobgoblins
  7 jackals (D:1)
  10 kobolds
  3 quokkas
  2 frilled lizards
  4 rats
73 creatures vanquished.

Notes
Turn   | Place    | Note
-------+----------+-------------------------------------------
     0 | D:1      | qw the Barachi Chaos Knight began the quest for the Orb.
     0 | D:1      | Reached XP level 1. HP: 18/18 MP: 1/1
     0 | D:1      | 0 ||| qw: Version: 0.1-a-103-gd6f5d3a
     0 | D:1      | 0 ||| qw: Game counter: 5712
     0 | D:1      | 0 ||| qw: Always use a shield: true
     0 | D:1      | 0 ||| qw: God list: Okawaru
     0 | D:1      | 0 ||| qw: Allow faded altars: false
     0 | D:1      | 0 ||| qw: Do Orc after D:15 true
     0 | D:1      | 0 ||| qw: Do second Lair branch before Depths: true
     0 | D:1      | 0 ||| qw: Lair rune preference: random
     0 | D:1      | 0 ||| qw: Plans: Normal
     0 | D:1      | 0 ||| PLANNING D:1-11
     0 | D:1      | Fell from the grace of Xom
   158 | D:1      | 158 ||| Stepping ~*~*~tactically~*~*~ (stealth).
   159 | D:1      | 159 ||| Stepping ~*~*~tactically~*~*~ (stealth).
   171 | D:1      | Reached XP level 2. HP: 24/24 MP: 2/2
   175 | D:1      | Reached skill level 4 in Axes
   201 | D:1      | XOM: give mutations
   201 | D:1      | Gained mutation: Your body sometimes deteriorates upon
                  | taking damage. [Xom's mischief]
   201 | D:1      | Gained mutation: You are weak. (Str -2) [Xom's mischief]
   224 | D:1      | XOM: scenery: create altars
   323 | D:1      | 323 ||| Stepping ~*~*~tactically~*~*~ (stealth).
   325 | D:1      | 325 ||| Stepping ~*~*~tactically~*~*~ (stealth).
   326 | D:1      | 326 ||| Stepping ~*~*~tactically~*~*~ (stealth).
   549 | D:1      | Reached XP level 3. HP: 29/29 MP: 3/3
   573 | D:1      | 573 ||| Stepping ~*~*~tactically~*~*~ (hiding).
   577 | D:1      | 577 ||| Stepping ~*~*~tactically~*~*~ (hiding).
   867 | D:1      | 867 ||| DROPPING +0 whip.
  1102 | D:1      | XOM: torment (16/29 hp)
  1314 | D:1      | 1314 ||| UPGRADING to +0 chain mail.
  1324 | D:1      | 1324 ||| DROPPING +2 leather armour.
  1325 | D:1      | 1325 ||| UPGRADING to +6 ring of strength.
  1326 | D:1      | 1326 ||| READING scroll labelled KECSOL SUDOER.
  1327 | D:1      | 1327 ||| READING scroll labelled FYDIEL LIMP.
  1328 | D:1      | 1328 ||| READING scroll labelled PIDAPA KEDAQ.
  1329 | D:1      | 1329 ||| READING scroll labelled JEFAOTUERA.
  1330 | D:1      | 1330 ||| READING scroll labelled QICVECK OCIA.
  1335 | D:1      | 1335 ||| READING scroll labelled ZIEMPITUDE.
  1336 | D:1      | 1336 ||| READING scroll labelled NIUVVU JORPH.
  1337 | D:1      | 1337 ||| READING scroll labelled LEZ MUATOW.
  1338 | D:1      | 1338 ||| DRINKING 2 dark potions.
  1339 | D:1      | 1339 ||| Stepping randomly (stuck).
  1340 | D:1      | 1340 ||| Stepping ~*~*~tactically~*~*~ (cloud).
  1344 | D:1      | HP: 7/29 [poisoned by you (poison gas)]
  1634 | D:2      | XOM: noise
  1640 | D:2      | Reached skill level 5 in Axes
  1643 | D:2      | 1643 ||| Stepping ~*~*~tactically~*~*~ (stealth).
  1644 | D:2      | 1644 ||| Stepping ~*~*~tactically~*~*~ (stealth).
  1645 | D:2      | 1645 ||| STAIRDANCE
  1680 | D:2      | 1680 ||| STAIRDANCE
  1763 | D:2      | 1763 ||| Stepping ~*~*~tactically~*~*~ (hiding).
  1807 | D:2      | XOM: chaos upgrade
  1961 | D:2      | 1961 ||| Stepping ~*~*~tactically~*~*~ (stealth).
  1963 | D:2      | 1963 ||| Stepping ~*~*~tactically~*~*~ (stealth).
  1967 | D:2      | Reached XP level 4. HP: 36/36 MP: 4/4
  1975 | D:2      | 1975 ||| Stepping ~*~*~tactically~*~*~ (stealth).
  1981 | D:2      | 1981 ||| Stepping ~*~*~tactically~*~*~ (stealth).
  1982 | D:2      | 1982 ||| Stepping ~*~*~tactically~*~*~ (hiding).
  2060 | D:2      | 2060 ||| Stepping ~*~*~tactically~*~*~ (stealth).
  2065 | D:2      | 2065 ||| Stepping ~*~*~tactically~*~*~ (stealth).
  2126 | D:2      | 2126 ||| Stepping ~*~*~tactically~*~*~ (stealth).
  2127 | D:2      | 2127 ||| Stepping ~*~*~tactically~*~*~ (stealth).
  2497 | D:2      | 2497 ||| UPGRADING to +2 helmet.
  2502 | D:2      | 2502 ||| UPGRADING to ring of resist corrosion.
  2503 | D:2      | 2503 ||| DROPPING ring of flight.
  2504 | D:2      | 2504 ||| READING 5 scrolls labelled IVVEHI ARUPUSS.
  2505 | D:2      | 2505 ||| READING scroll labelled LIASEQ DINUMEO.
  2506 | D:2      | 2506 ||| READING 2 scrolls labelled DEYVUD OTHRIH.
  2507 | D:2      | 2507 ||| READING 4 scrolls of identify.
  2507 | D:2      | 2507 ||| IDENTIFYING fuming green potion
  2508 | D:2      | 2508 ||| READING 3 scrolls of identify.
  2508 | D:2      | 2508 ||| IDENTIFYING lumpy clear potion
  2509 | D:2      | 2509 ||| READING 2 scrolls of identify.
  2509 | D:2      | 2509 ||| IDENTIFYING amethyst potion
  2510 | D:2      | 2510 ||| DROPPING scroll of blinking.
  2655 | D:3      | 2655 ||| DROPPING +0 vampiric whip.
  3054 | D:3      | Found Cobory Heigi's General Store.
  3059 | D:3      | 3059 ||| BUYING potion of curing (39 gold).
  3059 | D:3      | Bought a potion of curing for 39 gold pieces
  3059 | D:3      | 3059 ||| BUYING scroll of identify (26 gold).
  3059 | D:3      | Bought a scroll of identify for 26 gold pieces
  3059 | D:3      | 3059 ||| BUYING scroll of identify (26 gold).
  3059 | D:3      | Bought a scroll of identify for 26 gold pieces
  3059 | D:3      | 3059 ||| BUYING scroll of identify (26 gold).
  3059 | D:3      | Bought a scroll of identify for 26 gold pieces
  3106 | D:3      | Found a radiant altar of Vehumet.
  3185 | D:3      | Found a runed translucent door.
  3192 | D:3      | Noticed qw's ghost (amateur MiFi)
  3195 | D:3      | XOM: give mutation
  3195 | D:3      | Gained mutation: You are frail. (-10% HP) [Xom's mischief]
  3342 | D:3      | 3342 ||| DRINKING potion of mutation.
  3342 | D:3      | Lost mutation: You are weak. (Str -2) [potion of mutation]
  3342 | D:3      | Lost mutation: You are frail. (-10% HP) [potion of
                  | mutation]
  3342 | D:3      | Lost mutation: Your body sometimes deteriorates upon taking
                  | damage. [potion of mutation]
  3342 | D:3      | Gained mutation: You are somewhat resistant to further
                  | mutation. [potion of mutation]
  3342 | D:3      | Gained mutation: You are robust. (+10% HP) [potion of
                  | mutation]
  3471 | D:3      | 3471 ||| UPGRADING to +0 plate armour.
  3481 | D:3      | 3481 ||| DROPPING +0 chain mail.
  3482 | D:3      | 3482 ||| UPGRADING to amulet of the acrobat.
  3487 | D:3      | 3487 ||| READING 2 scrolls labelled CYIHIC IMUV.
  3488 | D:3      | 3488 ||| READING 4 scrolls of identify.
  3488 | D:3      | 3488 ||| IDENTIFYING fuming blue potion
  3489 | D:3      | 3489 ||| READING 3 scrolls of identify.
  3489 | D:3      | 3489 ||| IDENTIFYING murky green potion
  3490 | D:3      | 3490 ||| DROPPING scroll of amnesia.
  3491 | D:3      | 3491 ||| DROPPING potion of flight.
  3492 | D:3      | 3492 ||| DROPPING potion of degeneration.
  3538 | D:4      | 3538 ||| STAIRDANCE
  3633 | D:4      | Found a runed translucent gate.
  3633 | D:4      | Found a runed translucent gate.
  3634 | D:4      | Found a runed translucent gate.
  3696 | D:4      | Noticed an ogre
  3698 | D:4      | 3698 ||| Stepping ~*~*~tactically~*~*~ (stealth).
  3699 | D:4      | 3699 ||| Stepping ~*~*~tactically~*~*~ (stealth).
  3700 | D:4      | 3700 ||| Stepping ~*~*~tactically~*~*~ (stealth).
  3709 | D:4      | HP: 2/39 [ogre/+0 giant spiked club (9)]
  3710 | D:4      | 3710 ||| READING scroll of teleportation.
  3711 | D:4      | 3711 ||| DRINKING potion of heal wounds.
  3712 | D:4      | Killed an ogre
  3713 | D:4      | Reached skill level 6 in Axes
  3713 | D:4      | Reached XP level 5. HP: 28/45 MP: 5/5
  3715 | D:4      | Noticed qw's ghost (amateur MiFi)
  3792 | D:4      | XOM: draining
  3890 | D:4      | Reached skill level 3 in Armour
  3890 | D:4      | 3890 ||| FLEEEEING.
  3891 | D:4      | 3891 ||| Stepping ~*~*~tactically~*~*~ (hiding).
  3902 | D:4      | Reached XP level 6. HP: 27/49 MP: 6/6
  3949 | D:4      | 3949 ||| FLEEEEING.
  3950 | D:4      | 3950 ||| FLEEEEING.
  3951 | D:4      | 3951 ||| FLEEEEING.
  3952 | D:4      | 3952 ||| FLEEEEING.
  3953 | D:4      | 3953 ||| STAIRDANCE
  3981 | D:3      | XOM: summons 14 hostile demons
  3982 | D:3      | Noticed a rust devil
  3982 | D:3      | Noticed a hellwing
  3982 | D:3      | Noticed a red devil
  3986 | D:3      | HP: 6/49 [rust devil[Xom] (9)]
  3986 | D:3      | Slain by a red devil

Levels and vault maps discovered:
D:1:      eino_arrival_cavern_c, layout_loops_ring, minmay_hexomino_c4
D:2:      layout_basic
D:3:      layout_loops_corners, mainiacjoe_overflow_cross_hatched,
          ebering_ghost_reflecting_pool, serial_shops, shop
D:4:      layout_cave_pools, amethyst_overflow_temple_binary,
          gammafunk_ghost_split, minmay_cupped

Skill      XL: |  1  2  3  4  5 |
---------------+----------------+-----
Axes           | 4 5 6 |  6.6
Armour         | 3 |  3.2
Fighting       | 4 |  4.1
Dodging        | |  1.1

Action                   |  1- 3 |  4- 6 || total
-------------------------+-------+-------++-------
Melee: Hand axe          |   131 |    96 ||   227
       Punch             |     2 |       ||     2
Invok: Renounce Religion |     1 |       ||     1
  Use: Scroll            |     8 |    10 ||    18
       Potion            |     1 |     2 ||     3
 Stab: Petrifying        |     1 |       ||     1
Armor: Leather armour    |    63 |       ||    63
       Chain mail        |    15 |    27 ||    42
       Plate armour      |       |    32 ||    32
Dodge: Dodged            |    79 |    31 ||   110

Table legend:
 A = Non-vault XP
 B = Vault XP
 C = Vault XP percentage of total XP
 D = Non-vault monster count
 E = Vault monster count
 F = Vault count percentage of total count
                 A         B        C        D         E       F
            +---------+---------+-------+---------+---------+-------
      Total |     324 |      11 |   3.3 |      67 |       6 |   8.2
            +---------+---------+-------+---------+---------+-------
        D:1 |      54 |      11 |  16.9 |      27 |       6 |  18.2
        D:2 |      51 |       0 |   0.0 |      22 |       0 |   0.0
        D:3 |      14 |       0 |   0.0 |       9 |       0 |   0.0
        D:4 |     205 |       0 |   0.0 |       9 |       0 |   0.0
            +---------+---------+-------+---------+---------+-------
